 Dungeon Crawl Stone Soup version 0.30.1 (webtiles) character file.

Game seed: 14840152187117705658

241 hawla the Firebug (level 6, -9/45 HPs)
             Began as a Meteoran Fire Elementalist on July 9, 2023.
             Mangled by a gnoll bouda
             ... wielding a +0 whip
              (11 damage)
             ... on level 4 of the Dungeon.
             The game lasted 00:05:26 (740 turns).

hawla the Firebug (Meteoran Fire Elementalist)       Turns: 740, Time: 00:05:27

Health: -9/45      AC:  2    Str:  9    XL:     6   Next: 56%
Magic:  1/14       EV: 13    Int: 19    God:
Gold:   50         SH:  0    Dex: 15    Spells: 7/14 levels left

rFire   . . .        b - +0 flail
rCold   . . .        (no shield)
rNeg    . . .        a - +0 robe
rPois   .            (no helmet)
rElec   .            (no cloak)
rCorr   .            (no gloves)
SInv    .            (no boots)
Will    .....        (no amulet)
Stlth   +            (no ring)
HPRegen 0.27/turn    (no ring)
MPRegen 0.14/turn

%: no passive effects
@: glowing
A: sense surroundings 1, otherworldly, glowing, explore regen
a: no special abilities


You were on level 4 of the Dungeon.
You visited 1 branch of the dungeon, and saw 4 of its levels.

You collected 50 gold pieces.

Inventory:

Hand Weapons
 b - a +0 flail (weapon)
Armour
 a - a +0 robe (worn)
Jewellery
 d - a ring of fire
Wands
 c - a wand of flame (28) (quivered)
Scrolls
 e - a scroll of blinking {unknown}
 f - a scroll of enchant armour {unknown}
 g - a scroll of teleportation {unknown}
 h - a scroll of immolation {unknown}
 i - a scroll of enchant weapon {unknown}


   Skills:
 - Level 0.1 Fighting
 - Level 2.9 Dodging
 - Level 1.4 Stealth
 - Level 4.6 Spellcasting
 + Level 4.0 Conjurations
 - Level 5.3 Fire Magic


You had 7 spell levels left.
You knew the following spells:

 Your Spells              Type           Power      Damage    Failure   Level
a - Foxfire               Conj/Fire      88%        2x1d8     1%          1
b - Scorch                Fire           48%        2d7       2%          2
c - Flame Wave            Conj/Fire      22%        2d8       19%         4

Your spell library contained the following spells:

 Spells                   Type           Power      Damage    Failure   Level
 Inner Flame              Hex/Fire       14%        N/A       13%         3
 Volatile Blastmotes      Fire/Tloc      28%        2d12      13%         3


Dungeon Overview and Level Annotations

Branches:
Dungeon (4/15) Zot: 1647
 Temple: D:4-7

Altars:
Trog


Innate Abilities, Weirdness & Mutations

You passively map a small area around you.
You are easily found by Zot.
You glow in the dark.
You regain HP and MP as you explore.


Message History

The gnoll is severely wounded.
The flame wave engulfs the gnoll bouda.
The gnoll bouda is lightly wounded.
You finish channelling waves of flame.
The gnoll hits you with a +0 flail!
Unknown command.
Casting: Flame Wave (quite dangerous; 19% risk of failure)
Confirm with . or Enter, or press ? or * to list all spells.
Flames lash the gnoll.
You kill the gnoll!
A jackal comes into view.
Your Conjurations skill increases to level 4!
Unknown command.
You are too injured to fight recklessly!
You are too injured to fight recklessly!
You are too injured to fight recklessly!
You are too injured to fight recklessly!
You barely miss the gnoll bouda.
The gnoll bouda is lightly wounded.
The gnoll bouda hits you with a +0 whip!
You hit the gnoll bouda.
The gnoll bouda is moderately wounded.
The gnoll bouda hits you with a +0 whip.
* * * LOW HITPOINT WARNING * * *
The gnoll bouda barely misses you.
You hit the gnoll bouda but do no damage.
The gnoll bouda is moderately wounded.
A jackal comes into view.
The gnoll bouda hits you with a +0 whip!
* * * LOW HITPOINT WARNING * * *
A jackal comes into view.
You closely miss the gnoll bouda.
The gnoll bouda is moderately wounded.
The jackal barks!
The gnoll bouda hits you with a +0 whip.
* * * LOW HITPOINT WARNING * * *
The jackal bites you.
* * * LOW HITPOINT WARNING * * *
The jackal bites you but does no damage.
The gnoll bouda hits you with a +0 whip!
You die...

.......# , .......# **..# ...
.......## ..# #..# ,
........### ##.###...# ,
........#.####.......# *
.....................## , *
...........#..........#. ,
...........#...))hh....., *
...............g@h#*, ,,
.........)#....)..#*
.........####......#
..........,*#........# ,
...##...g. .....##....... ,
.....g ............... ##
##.............#....... * ,.#
,
..............##......g###..#
.^..(.. , .........#..#


You could see a gnoll bouda and 3 jackals.

Vanquished Creatures
  An orc priest (D:4)
  A hound (D:4)
  Natasha (twice) (D:3)
  5 gnolls (D:4)
  2 adders (D:2)
  3 worms
  A dart slug (D:2)
  3 orcs (D:4)
  2 ball pythons
  An endoplasm (D:2)
  2 giant cockroaches
  6 goblins
  4 hobgoblins
  2 jackals
  5 quokkas
  5 bats
  2 frilled lizards (D:2)
  6 kobolds
  5 rats
58 creatures vanquished.

Vanquished Creatures (others)
  121 foxfires
121 creatures vanquished.

Grand Total: 179 creatures vanquished

Notes
Turn   | Place    | Note
-------+----------+-------------------------------------------
     0 | D:1      | hawla the Meteoran Fire Elementalist began the quest for
                  | the Orb.
     0 | D:1      | Reached XP level 1. HP: 14/14 MP: 5/5
   137 | D:2      | Reached skill level 4 in Fire Magic
   137 | D:2      | Reached XP level 2. HP: 20/20 MP: 4/6
   196 | D:2      | Reached XP level 3. HP: 19/26 MP: 1/8
   199 | D:2      | Learned a level 2 spell: Scorch
   322 | D:2      | Reached XP level 4. HP: 33/33 MP: 6/10
   464 | D:4      | Reached XP level 5. HP: 38/38 MP: 6/11
   469 | D:4      | Learned a level 4 spell: Flame Wave
   477 | D:4      | Reached skill level 5 in Fire Magic
   535 | D:3      | Noticed Natasha
   541 | D:3      | Killed Natasha
   554 | D:3      | Noticed a moth of wrath
   556 | D:3      | Found a bloodstained altar of Trog.
   581 | D:3      | HP: 1/38 [worm (8)]
   626 | D:3      | Noticed Natasha
   633 | D:3      | Killed Natasha
   634 | D:3      | Reached XP level 6. HP: 13/45 MP: 2/14
   740 | D:4      | HP: 2/45 [jackal (3)]
   740 | D:4      | Mangled by a gnoll bouda

Illustrated notes

Levels and vault maps discovered:
D:1:      dpeg_arrival_prison, layout_loops_cross
D:2:      layout_rooms, minmay_surrounded
D:3:      layout_loops_cross, tgw_trog, serial_shops, nicolae_shop_waterfront,
          uniq_sigmund, uniq_ijyb, uniq_natasha
D:4:      layout_cave_pools

Skill      XL: |  1  2  3  4  5  6 |
---------------+-------------------+-----
Fire Magic     | 4 5 |  5.3
Spellcasting   | 3 4 |  4.6
Conjurations   | 2 4 |  4.0
Fighting       | |  0.1
Dodging        | |  2.9
Stealth        | |  1.4

Action                     |  1- 3 |  4- 6 || total
---------------------------+-------+-------++-------
  Melee: Unarmed           |    10 |     1 ||    11
         Flail             |       |     9 ||     9
         Punch             |       |     1 ||     1
   Cast: Foxfire           |    29 |    40 ||    69
         Scorch            |     9 |    25 ||    34
         Flame Wave        |       |     2 ||     2
    Use: Potion            |       |     4 ||     4
 Armour: Robe              |     2 |     6 ||     8
  Dodge: Dodged            |    11 |    17 ||    28
